 Dungeon Crawl Stone Soup version 0.18-a0-1805-g8ab820f (webtiles) character file.

633 SkaryMonk the Destroyer (level 7, 0/41 HPs)
             Began as an Octopode Conjurer on Apr 26, 2016.
             Slain by an orc
             ... wielding a +0 club
              (2 damage)
             ... on level 5 of the Dungeon.
             The game lasted 01:39:20 (4075 turns).

SkaryMonk the Destroyer (Octopode Conjurer)         Turns: 4075, Time: 01:39:21

Health: 0/41       AC:  1    Str: 11    XL:     7   Next: 49%
Magic:  1/11       EV: 12    Int: 24    God:
Gold:   199        SH:  0    Dex: 13    Spells: 4 memorised, 2 levels left

rFire  . . .     SeeInvis .     i - +2 dagger (speed)
rCold  . . .     Gourm    .     (no shield)
rNeg   . . .     Faith    +     (helmet restricted)
rPois  .         Spirit   .     e - amulet of faith
rElec  .         Dismiss  .     f - +5 ring of intelligence
rCorr  .         Reflect  .     s - +4 ring of strength
SustAt .         Harm     .     (no ring)
MR     .....                    (no ring)
Stlth  +++.......               (no ring)
                                (no ring)
                                (no ring)
                                (no ring)

@: very slightly contaminated, not resistant to hostile enchantments, fairly
stealthy
A: almost no armour, amphibious, 8 rings, constrict 8, camouflage 1, gelatinous
body 1
a: no special abilities


You were on level 5 of the Dungeon.
You were hungry.

You visited 1 branch of the dungeon, and saw 5 of its levels.

You collected 199 gold pieces.

Notes
Turn   | Place    | Note
--------------------------------------------------------------
     0 | D:1      | SkaryMonk the Octopode Conjurer began the quest for the Orb.
     0 | D:1      | Reached XP level 1. HP: 11/11 MP: 3/3
   186 | D:1      | Reached XP level 2. HP: 17/17 MP: 3/5
   206 | D:1      | Learned a level 2 spell: Searing Ray
   748 | D:2      | Reached XP level 3. HP: 21/21 MP: 1/6
   827 | D:2      | Learned a level 3 spell: Dazzling Spray
   852 | D:2      | Reached skill level 5 in Conjurations
  1294 | D:2      | Reached XP level 4. HP: 27/27 MP: 7/7
  1474 | D:2      | Reached skill level 1 in Hexes
  1878 | D:3      | Reached skill level 6 in Conjurations
  1878 | D:3      | Reached XP level 5. HP: 31/31 MP: 8/8
  2461 | D:3      | Noticed Sigmund
  2478 | D:3      | Killed Sigmund
  2478 | D:3      | Reached skill level 7 in Conjurations
  2478 | D:3      | Reached XP level 6. HP: 20/36 MP: 4/9
  3324 | D:4      | Reached skill level 8 in Conjurations
  3472 | D:4      | Reached XP level 7. HP: 41/41 MP: 7/10
  3770 | D:4      | Learned a level 4 spell: Iskenderun's Mystic Blast
  3920 | D:5      | Entered Level 5 of the Dungeon
  3941 | D:5      | Noticed Grinder
  4035 | D:5      | Noticed Prince Ribbit
  4073 | D:5      | HP: 2/41 [scorpion (9)]
  4075 | D:5      | Slain by an orc

Inventory:

Hand Weapons
 i - a +2 dagger of speed (weapon)
 v - a +5 falchion
Jewellery
 e - an amulet of faith (around mantle)
 f - a +5 ring of intelligence (left tentacle)
 s - a +4 ring of strength (right tentacle)
Scrolls
 c - 3 scrolls of immolation
 l - a scroll of amnesia
 m - 3 scrolls of recharging
 r - a scroll of enchant weapon {unknown}
 w - 2 scrolls of remove curse
Potions
 d - a potion of brilliance {unknown}
 g - 3 potions of heal wounds
 h - 5 potions of curing
 n - a potion of mutation {unknown}
 p - a potion of flight {unknown}
 t - a potion of agility {unknown}
 x - a potion of haste {unknown}
Books
 a - a book of Conjurations

   Spells                             Type                      Level
   a - Magic Dart                     Conjuration                  1
   b - Searing Ray                    Conjuration                  2
   c - Dazzling Spray                 Conjuration/Hexes            3
   d - Fulminant Prism                Conjuration/Hexes            4
   e - Iskenderun's Mystic Blast      Conjuration                  4
   f - Iskenderun's Battlesphere      Conjuration/Charms           5
Comestibles
 b - a bread ration
 j - a royal jelly
 o - 2 meat rations
 q - a beef jerky
 u - 4 fruits
 z - 7 chunks of flesh

Table legend:
 A = Turns spent in this place as a percentage of turns spent in the entire game.
 B = Non-inter-level travel turns spent in this place as a percentage of non-inter-level travel turns spent in the entire game.
 C = Inter-level travel turns spent in this place as a percentage of turns spent in this place.
 D = Turns resting spent in this place as a percentage of non-inter-level travel turns spent in this place.
 E = Turns spent auto-exploring this place as a percentage of non-inter-level travel turns spent in this place.
 F = Non-inter-level travel turns spent in this place divided by the number of levels of this place that you've seen.
                   A       B       C       D       E      F
               +-------+-------+-------+-------+-------+----------------------
         Total | 100.0 | 100.0 |   0.5 |   7.1 |   9.5 | 221.2
       Dungeon | 100.0 | 100.0 |   0.5 |   7.1 |   9.5 | 221.2
               +-------+-------+-------+-------+-------+----------------------


   Skills:
 - Level 2.0 Dodging
 - Level 2.6 Stealth
 - Level 3.3 Spellcasting
 + Level 8.2 Conjurations
 - Level 1.0 Hexes


You had 2 spell levels left.
You knew the following spells:

 Your Spells              Type           Power        Failure   Level  Hunger
a - Magic Dart            Conj           ####         1%          1    None
b - Searing Ray           Conj           #####.       1%          2    ##.....
c - Dazzling Spray        Conj/Hex       ####....     6%          3    ###....
d - Iskenderun's Mystic   Conj           #####...     3%          4    ####...


Dungeon Overview and Level Annotations

Branches:
Dungeon (5/15)
 Temple: D:4-7

Altars:

Annotations:
D:5 Grinder, Prince Ribbit


Innate Abilities, Weirdness & Mutations

You cannot wear most types of armour.
You are amphibious.
You can wear up to eight rings at the same time.
You can use your tentacles to constrict eight enemies at once.
Your skin changes colour to match your surroundings (Stealth).
Your rubbery body absorbs attacks (AC +1).


Message History

The ogre is almost dead.
The ogre is no longer blind.
Read which item? (? for menu, Esc to quit)
Okay, then.
You barely miss the ogre.
The ogre is almost dead.
The scorpion stings you.
You hit the ogre.
The ogre is almost dead.
The ogre hits you with a giant spiked club!!
Ouch! That really hurt!
* * * LOW HITPOINT WARNING * * *
The scorpion stings you!
* * * LOW HITPOINT WARNING * * *
You hit the orc. Your grab misses the orc.
The orc is lightly wounded.
You hit the orc. Your grab misses the orc. Your squeeze misses the orc.
The orc is moderately wounded.
The scorpion closely misses you. The orc hits you with a club.
You die...

#####....# . .........# #.#
###### ........# ####...
#....# #.....#####....#
#....# ####..^.....###
#..<.# #.#........#
###....#
#......###.####..#....#
#.####..#........#....#
####.# ##....O@o.###....#
##....# #...##.so........#
#..#######.##.O....##.<...#
#.##.....###..#.#.....#####
#.#....... #.#..#.#####
......O........#..#
..^⌠...).⌠..###%.....
............ #......
.....⌠.⌠.... .......


You could see 2 ogres, a scorpion (inner flame) and 2 orcs.

Table legend:
 A = Kills in this place as a percentage of kills in entire the game.
 B = Kills by you in this place as a percentage of kills by you in the entire game.
 C = Kills by friends in this place as a percentage of kills by friends in the entire game.
 D = Other kills in this place as a percentage of other kills in the entire game.
 E = Experience gained in this place as a percentage of experience gained in the entire game.
 F = Experience gained in this place divided by the number of levels of this place that you have seen.
                   A       B       C       D       E      F
               +-------+-------+-------+-------+-------+----------------------
         Total | 100.0 | 100.0 |  -nan |  -nan | 100.0 | 181.0
       Dungeon | 100.0 | 100.0 |  -nan |  -nan | 100.0 | 181.0
               +-------+-------+-------+-------+-------+----------------------

Vanquished Creatures
  Sigmund (D:3)
  A scorpion (D:4)
  2 orc priests (D:4)
  A jelly (D:5)
  4 orc wizards (D:4)
  An iguana (D:5)
  A worker ant (D:4)
  3 gnolls (D:2)
  5 adders
  3 oozes
  An adder zombie (D:5)
  2 worms
  4 giant geckos
  11 orcs
  A ball python (D:3)
  7 bats
  A giant cockroach (D:5)
  5 goblins
  6 hobgoblins
  7 jackals
  7 kobolds
  3 quokkas
  4 giant newts
  7 rats
88 creatures vanquished.

Action                   |  1- 3 |  4- 6 |  7- 9 || total
-------------------------+-------+-------+-------++-------
Melee: Unarmed           |     8 |       |       ||     8
       Constrict         |     3 |    12 |     7 ||    22
       Tentacles         |     2 |     4 |     8 ||    14
       Dagger            |     9 |    53 |    27 ||    89
 Cast: Magic Dart        |    28 |    27 |    10 ||    65
       Searing Ray       |     8 |    11 |     5 ||    24
       Dazzling Spray    |     1 |       |     2 ||     3
       Iskenderun's Myst |       |       |     2 ||     2
  Use: Scroll            |     4 |     4 |     3 ||    11
 Stab: Sleeping          |     2 |     8 |     3 ||    13
  Eat: Chunk             |     2 |     7 |     2 ||    11
Armor: Skin              |     2 |     3 |       ||     5
Dodge: Dodged            |    14 |    30 |    11 ||    55

Vault maps used:
D:1:      lemuel_arrival_rhombus
D:2:      kennysheep_big_flooded_room
D:3:      mumra_celtic_spiral_tile, uniq_sigmund
D:4:      minmay_misc_feat_diagonals
D:5:      nicolae_ru_path_of_blood, vehumet_crystals, first_bread,
          grunt_ministairs_10, uniq_crazy_yiuf_cottage, uniq_menkaure,
          uniq_prince_ribbit1, uniq_edmund, uniq_grinder
